 Dungeon Crawl Stone Soup version 0.20.1-1-g8b1a95d (webtiles) character file.

128 Irenicus the Insei (level 5, -1/36 HPs)
             Began as an Octopode Chaos Knight on Oct 8, 2017.
             Slain by Natasha (6 damage)
             ... on level 2 of the Dungeon.
             The game lasted 00:03:03 (1231 turns).

Irenicus the Insei (Octopode Chaos Knight)          Turns: 1231, Time: 00:03:04

Health: -1/36      AC:  1    Str: 12    XL:     5   Next: 12%
Magic:  5/5        EV: 13    Int: 14    God:    Xom [..*...]
Gold:   71         SH:  0    Dex: 12    Spells: 4/4 levels left

rFire    . . .     SeeInvis .     - Unarmed
rCold    . . .     Gourm    .   (no shield)
rNeg     . . .     Faith    .   (helmet restricted)
rPois    .         Spirit   .   (no amulet)
rElec    .         Reflect  .   (no ring)
rCorr    .         Harm     .   (no ring)
MR       .....                  (no ring)
Stlth    ++........             (no ring)
Regen    0.2/turn               (no ring)
MPRegen  0.1/turn               (no ring)
                                (no ring)
                                (no ring)

@: flying
A: almost no armour, stealthy swim, amphibious, 8 rings, constrict 8, camouflage
1, gelatinous body 1
a: Renounce Religion


You were on level 2 of the Dungeon.
You worshipped Xom.
You were a toy of Xom.
You were not hungry.

You visited 1 branch of the dungeon, and saw 2 of its levels.

You collected 71 gold pieces.

Inventory:

Jewellery
 d - a cursed -2 ring of evasion {unknown}
Scrolls
 b - a scroll of identify {unknown}
 c - a scroll of blinking {unknown}
 g - a scroll of fog {unknown}
 i - a scroll of remove curse {unknown}
Potions
 f - a potion of degeneration {unknown}
 h - 3 potions of curing
Comestibles
 a - 2 bread rations


   Skills:
 - Level 3.0 Fighting
 - Level 2.3 Dodging
 + Level 5.6 Unarmed Combat


You had 4 spell levels left.
You didn't know any spells.

Dungeon Overview and Level Annotations

Branches:
Dungeon (2/15)

Altars:

Annotations:
D:2 Natasha


Innate Abilities, Weirdness & Mutations

You cannot wear most types of armour.
You are very stealthy in the water. (Stealth+)
You are amphibious.
You can wear up to eight rings at the same time.
You can use your tentacles to constrict eight enemies at once.
Your skin changes colour to match your surroundings (Stealth+).
Your rubbery body absorbs attacks. (AC +1, EV +1)


Message History

You start resting.
Natasha claws you.
* * * LOW HITPOINT WARNING * * *
You tentacle-slap Natasha. Your grab misses Natasha. You tentacle-slap Natasha.
You squeeze Natasha.
Natasha is heavily wounded.
Natasha claws you!
* * * LOW HITPOINT WARNING * * *
It was a potion of flight.
You feel very buoyant.
You fly up into the air.
Xom roars with laughter!
Natasha closely misses you.
It was a potion of curing.
You feel better. Natasha claws you.
* * * LOW HITPOINT WARNING * * *
You closely miss Natasha. You grab Natasha.
Natasha is heavily wounded.
You constrict Natasha, but do no damage.
Natasha claws you.
You die...

g..... #.....## #....
......# #####..###....
.......### ##....#....
.>.......# #..##......
########.#########.#####....
h...h.......................
##########...#####.#####....
###h####.)## #....
#.@........# #####
#..........# #..........#
#....>.....# #..........#
#..........# ############


You could see Natasha.

Vanquished Creatures
  Jessica (D:2)
  Natasha (D:2)
  A gnoll (D:1)
  2 adders (D:2)
  2 worms (D:2)
  3 giant cockroaches
  5 goblins
  7 hobgoblins
  2 jackals (D:2)
  9 kobolds
  6 bats
  A frilled lizard (D:1)
  4 rats
44 creatures vanquished.

Notes
Turn   | Place    | Note
-------+----------+-------------------------------------------
     0 | D:1      | Irenicus the Octopode Chaos Knight began the quest for the Orb.
     0 | D:1      | Reached XP level 1. HP: 16/16 MP: 1/1
   175 | D:1      | Reached XP level 2. HP: 20/21 MP: 2/2
   370 | D:1      | Reached skill level 4 in Unarmed Combat
   461 | D:1      | Reached XP level 3. HP: 26/26 MP: 3/3
   704 | D:1      | XOM: mild Pois miscast
   961 | D:2      | Noticed Natasha
   969 | D:2      | Killed Natasha
   969 | D:2      | Reached skill level 5 in Unarmed Combat
   969 | D:2      | Reached XP level 4. HP: 31/31 MP: 4/4
  1043 | D:2      | XOM: smoke on damage
  1044 | D:2      | Noticed Jessica
  1061 | D:2      | Killed Jessica
  1097 | D:2      | Reached XP level 5. HP: 31/36 MP: 5/5
  1164 | D:2      | XOM: mild Pois miscast
  1180 | D:2      | Noticed Natasha
  1228 | D:2      | HP: 1/36 [Natasha (8)]
  1231 | D:2      | Slain by Natasha

Skill      XL: |  1  2  3 |
---------------+----------+-----
Unarmed Combat | 4 5 |  5.6
Fighting       | |  3.0
Dodging        | |  2.3

Action                   |  1- 3 |  4- 6 || total
-------------------------+-------+-------++-------
Melee: Unarmed           |    63 |    36 ||    99
       Constrict         |    16 |    10 ||    26
       Tentacles         |     8 |     9 ||    17
       Punch             |     3 |     1 ||     4
  Use: Potion            |       |     2 ||     2
 Stab: Sleeping          |     6 |     2 ||     8
  Eat: Chunk             |       |     1 ||     1
Armor: Skin              |     2 |     4 ||     6
Dodge: Dodged            |    41 |    25 ||    66
